 Dungeon Crawl Stone Soup version 0.25-a0-731-g0472a16d6a (webtiles) character file.

Game seed: 15717421785036031596, levelgen mode: deterministic

9914 Hastur the Fighter (level 11, -6/99 HPs)
             Began as a Black Draconian Wizard on Apr 8, 2020.
             Was an Elder of Sif Muna.
             Mangled by a white ugly thing (33 damage)
             ... on level 10 of the Dungeon.
             The game lasted 00:37:16 (15673 turns).

Hastur the Fighter (Black Draconian Wizard)        Turns: 15673, Time: 00:37:16

Health: -6/99      AC:  8    Str: 14    XL:     11   Next: 29%
Magic:  22/22      EV: 14    Int: 21    God:    Sif Muna [****..]
Gold:   491        SH:  4    Dex: 11    Spells: 10/25 levels left

rFire    . . .     SeeInvis .   x - +11 hunting sling of the Forest {vorpal, +Inv MR+ Str+3 Dex+2}
rCold    . . .     Gourm    .   w - +0 buckler
rNeg     . . .     Faith    .   (armour unavailable)
rPois    .         Spirit   .   a - +0 hat
rElec    +         Reflect  .   (no cloak)
rCorr    .         Harm     .   (no gloves)
MR       +....                  H - +0 pair of boots
Stlth    ++........             (no amulet)
HPRegen  0.26/turn              (no ring)
MPRegen  0.18/turn              (no ring)

@: no status effects
A: breathe lightning, unfitting armour, electricity resistance, cold-blooded, AC
+7
a: Breathe Lightning, Channel Magic, Forget Spell, Divine Exegesis, Renounce
Religion, Evoke Invisibility


You were on level 10 of the Dungeon.
You worshipped Sif Muna.
Sif Muna was greatly pleased with you.
You were not hungry.

You visited 2 branches of the dungeon, and saw 11 of its levels.

You collected 673 gold pieces.
You spent 182 gold pieces at shops.

Inventory:

Hand Weapons
 i - a +0 short sword
 k - a +2 dagger of holy wrath
 u - a +1 whip of electrocution
 x - the +11 hunting sling of the Forest (weapon) {vorpal, +Inv MR+ Str+3 Dex+2}
   (You bought it in a shop on level 4 of the Dungeon)

   Any stone fired from it inflicts extra damage.
   It affects your strength (+3).
   It affects your dexterity (+2).
   It affects your resistance to hostile enchantments.
   It lets you turn invisible.
 J - a +3 dagger of venom
Missiles
 f - 271 stones (quivered)
 l - 19 poisoned darts
 C - 73 sling bullets
Armour
 a - a +0 hat (worn)
 w - a +0 buckler (worn)
 B - a +0 pair of boots
 D - a +0 kite shield
 H - a +0 pair of boots (worn)
Jewellery
 j - an uncursed amulet of faith {unknown}
Wands
 o - a wand of flame (45)
 r - a wand of digging (7)
 A - a wand of polymorph (20)
 K - a wand of disintegration (13)
Scrolls
 e - 8 scrolls of teleportation
 p - a scroll of blinking
 q - 2 scrolls of amnesia
 s - 4 scrolls of magic mapping
 t - 6 scrolls of remove curse
 v - 2 scrolls of fog
 y - 2 scrolls of enchant weapon
 E - a scroll of enchant armour
 G - a scroll of fear
 I - a scroll of immolation {unknown}
Potions
 b - 2 potions of lignification
 d - 2 potions of haste
 g - a potion of invisibility
 h - 3 potions of heal wounds
 m - 2 potions of might
 n - 2 potions of ambrosia
 z - 2 potions of brilliance
 F - a potion of resistance
 L - a potion of mutation {unknown}
 M - 2 potions of stabbing
Comestibles
 c - 16 rations


   Skills:
 - Level 10.0 Fighting
 + Level 5.7 Dodging
 - Level 1.7 Stealth
 - Level 4.0 Shields
 + Level 7.8 Spellcasting
 - Level 5.1 Conjurations
 - Level 2.0 Summonings
 - Level 6.1 Necromancy
 - Level 2.3 Translocations
 - Level 4.8 Air Magic
 - Level 5.1 Evocations


You had 10 spell levels left.
You knew the following spells:

 Your Spells              Type           Power        Failure   Level  Hunger
a - Magic Dart            Conj           ####         1%          1    None
b - Call Imp              Summ           ###.....     5%          2    None
c - Mephitic Cloud        Conj/Pois/Air  ###.....     6%          3    None
d - Blink                 Tloc           N/A          4%          2    None
e - Vampiric Draining     Necr           ####......   1%          3    None
f - Animate Dead          Necr           N/A          7%          4    ###....

Your spell library contained the following spells:

 Spells                   Type           Power        Failure   Level  Hunger
 Animate Skeleton         Necr           N/A          1%          1    None
 Pain                     Necr           ####         1%          1    None
 Conjure Flame            Conj/Fire      ###.....     9%          3    None
 Slow                     Hex            #.......     12%         2    None
 Agony                    Necr           ####....     19%         5    #####..


Dungeon Overview and Level Annotations

Branches:
Dungeon (10/15)            Temple (1/1) D:4            Lair (0/6) D:10
    Orc: D:9-12

Altars:
Ashenzari
Cheibriados
Dithmenos
Elyvilon
Fedhas
Gozag
Hepliaklqana
Kikubaaqudgha
Makhleb
Nemelex Xobeh
Okawaru
Qazlal
Ru
Sif Muna
Trog
Uskayaw
Vehumet
Wu Jian
Xom
Yredelemnul
Zin
The Shining One

Shops:
D:4 (}*[*!*}   D:6 %

Annotations:
D:5 1 runed translucent door, Crazy Yiuf


Innate Abilities, Weirdness & Mutations

You can breathe wild blasts of lightning.
Your glossy black scales are hard. (AC +7)
You cannot fit into any form of body armour.
You are resistant to electric shocks. (rElec)
You are cold-blooded and may be slowed by cold attacks.


Message History

The white ugly thing is almost dead.
The white ugly thing completely misses you.
Firing (i - inventory. (/) - cycle)
f - 272 stones (quivered)
Press: ? - help, Shift-Dir - straight line, f/p - white ugly thing
Aim: a white ugly thing (almost dead)
You shoot a stone.
The stone barely misses the white ugly thing.
The white ugly thing tentacle-slaps you!
The white ugly thing freezes you!!
You are too injured to fight recklessly!
You are too injured to fight recklessly!
Unknown command.
Evoke which item? (* to show all) (? for menu, Esc to quit)
Okay, then.
Unknown command.
Unknown command.
The white ugly thing tentacle-slaps you!
* * * LOW HITPOINT WARNING * * *
The white ugly thing freezes you!!
You die...

## #.) #..
###### #..
##....## #..##
#..##..##
#..####
#.####..#
#....## #@#
#..#####.....
#u#
##...........
#(#
#..........#
#.##
########...#
#..## ##..# #
##...### #..#
#.(###......#
##.#
#............#
#..
##.....(.....#
#..


You could see a white ugly thing.

Vanquished Creatures
  A two-headed ogre (D:10)
  Pikel (D:4)
  Grinder (D:4)
  2 trolls (D:10)
  A hornet (D:9)
  2 hippogriffs
  A wraith (D:10)
  A yak (D:10)
  Grum (D:9)
  2 water moccasins (D:6)
  2 orc warriors
  6 porcupines (D:10)
  2 slaves (D:4)
  3 ice beasts
  4 phantoms
  5 ogres
  2 sky beasts (D:9)
  2 centaurs
  4 wolves
  2 crocodiles
  5 big kobolds
  9 bullfrogs
  4 gnoll sergeants (D:6)
  A wyvern skeleton (D:8)
  2 scorpions
  10 killer bees
  5 wights (D:9)
  2 howler monkeys
  A centaur zombie (D:8)
  7 crimson imps
  A bullfrog zombie (D:9)
  7 orc priests
  14 hounds
  3 jellies
  2 bullfrog skeletons
  6 orc wizards
  Ijyb (D:4)
  Jessica (D:2)
  3 gnoll shamans (D:6)
  3 iguanas
  Natasha (D:3)
  9 worker ants
  A hound zombie (D:5)
  A hound skeleton (D:10)
  3 worker ant zombies
  28 gnolls
  10 adders
  An ooze (D:5)
  An adder zombie (D:6)
  3 worms
  2 dart slugs
  7 leopard geckos
  33 orcs
  3 giant cockroaches
  6 hobgoblins
  20 jackals
  4 quokkas
  11 bats
  6 frilled lizards
  4 goblins
  26 kobolds
  2 quokka skeletons
  2 rats
316 creatures vanquished.

Vanquished Creatures (collateral kills)
  An orc priest (D:2)
  Natasha (twice) (D:3)
  An adder (D:2)
4 creatures vanquished.

Vanquished Creatures (others)
  A wolf (D:9)
  An orc (D:4)
  20 fungi (D:10)
  6 plants (D:10)
28 creatures vanquished.

Grand Total: 348 creatures vanquished

Notes
Turn   | Place    | Note
-------+----------+-------------------------------------------
     0 | D:1      | Hastur the Draconian Wizard began the quest for the Orb.
     0 | D:1      | Reached XP level 1. HP: 14/14 MP: 4/4
   299 | D:1      | Reached skill level 1 in Fighting
   367 | D:1      | Reached XP level 2. HP: 23/23 MP: 0/6
   371 | D:1      | Learned a level 2 spell: Call Imp
  1508 | D:2      | Reached XP level 3. HP: 9/28 MP: 1/7
  1882 | D:2      | Learned a level 3 spell: Mephitic Cloud
  1954 | D:2      | Noticed a phantom
  3997 | D:2      | Killed a phantom
  3997 | D:2      | Reached XP level 4. HP: 16/35 MP: 2/8
  4321 | D:3      | Noticed Jessica
  4343 | D:2      | Reached XP level 5. HP: 39/40 MP: 0/9
  4492 | D:2      | Killed Jessica
  4815 | D:3      | Noticed Natasha
  4868 | D:3      | Killed Natasha
  4877 | D:3      | Noticed Natasha
  4886 | D:3      | Killed Natasha
  5288 | D:3      | Found a basalt altar of Yredelemnul.
  5446 | D:2      | Reached XP level 6. HP: 33/47 MP: 3/10
  6011 | D:3      | Noticed Natasha
  6019 | D:3      | Killed Natasha
  6094 | D:3      | Reached skill level 5 in Conjurations
  6171 | D:3      | Found a hazy altar of Hepliaklqana.
  6244 | D:3      | Found a shimmering altar of Xom.
  6356 | D:4      | Found a staircase to the Ecumenical Temple.
  6425 | Temple   | Entered the Ecumenical Temple
  6651 | Temple   | Became a worshipper of Sif Muna the Loreminder
  6704 | D:4      | Found Xin Duduh's Distillery.
  6762 | D:4      | Your scales start taking on a glossy black colour.
  6762 | D:4      | Reached XP level 7. HP: 43/53 MP: 1/11
  6762 | D:4      | Gained mutation: You are resistant to electric shocks.
                  | (rElec) [Black Draconian growth]
  6922 | D:4      | Found Bufufoq's Assorted Antiques.
  6934 | D:4      | Bought a pitted hunting sling for 182 gold pieces
  6954 | D:4      | Found Peiretiv's Antique Armour Boutique.
  6983 | D:4      | Identified the +11 hunting sling of the Forest {vorpal,
                  | +Inv MR+ Str+3 Dex+2} (You bought it in a shop on level 4
                  | of the Dungeon)
  7000 | D:4      | Found Ceocw's Gadget Boutique.
  7009 | D:4      | Reached skill level 2 in Fighting
  7061 | D:4      | Noticed Grinder
  7161 | D:4      | Paralysed by Grinder for 4 turns
  7169 | D:4      | Killed Grinder
  7169 | D:4      | Reached skill level 4 in Fighting
  7176 | D:4      | Found a bloodstained altar of Trog.
  7263 | D:4      | Noticed Ijyb
  7278 | D:4      | Killed Ijyb
  7448 | D:4      | Noticed Pikel
  7457 | D:4      | Killed Pikel
  7457 | D:4      | Reached skill level 5 in Fighting
  7457 | D:4      | Reached skill level 5 in Spellcasting
  7457 | D:4      | Reached XP level 8. HP: 54/69 MP: 9/16
  7552 | D:4      | Found Duid's Food Emporium.
  7640 | D:4      | Reached * piety under Sif Muna
  7648 | D:4      | Reached skill level 1 in Shields
  7898 | D:4      | Found Plog's Assorted Antiques.
  7898 | D:4      | Found Jicsudgh's General Store.
  7904 | D:4      | Found Tiuhek's Gadget Boutique.
  7921 | D:4      | Found Xyega's Weapon Boutique.
  8122 | D:5      | Entered Level 5 of the Dungeon
  8513 | D:5      | Found a runed translucent door.
  8514 | D:5      | Noticed Crazy Yiuf
  8863 | D:6      | Reached XP level 9. HP: 74/74 MP: 17/17
  9008 | D:6      | Reached skill level 5 in Evocations
  9013 | D:6      | Learned a level 2 spell: Blink
  9288 | D:4      | Reached skill level 6 in Fighting
  9561 | D:6      | Reached ** piety under Sif Muna
  9588 | D:6      | Reached skill level 7 in Fighting
  9656 | D:6      | Found Haax Cor's Food Shop.
  9717 | D:6      | Reached skill level 8 in Fighting
  9940 | D:6      | Reached skill level 9 in Fighting
 10164 | D:6      | Reached *** piety under Sif Muna
 10464 | D:6      | Learned a level 3 spell: Vampiric Draining
 10469 | D:6      | Learned a level 4 spell: Animate Dead
 10654 | D:7      | Reached XP level 10. HP: 82/92 MP: 18/18
 10662 | D:7      | Reached skill level 1 in Necromancy
 10856 | D:7      | Found a glowing silver altar of Zin.
 10868 | D:7      | Reached skill level 10 in Fighting
 11404 | D:8      | Reached **** piety under Sif Muna
 11803 | D:8      | Found a radiant altar of Vehumet.
 11803 | D:8      | Found an ancient bone altar of Kikubaaqudgha.
 11888 | D:8      | Found a shadowy altar of Dithmenos.
 11940 | D:8      | Reached skill level 5 in Necromancy
 12587 | D:9      | Found a hide-covered altar of Uskayaw.
 12697 | D:9      | Noticed Grum
 12708 | D:9      | HP: 1/93 [wolf[Grum] (7)]
 13233 | D:9      | Found a white marble altar of Elyvilon.
 13398 | D:9      | Killed Grum
 13871 | D:10     | Entered Level 10 of the Dungeon
 14784 | D:9      | Reached XP level 11. HP: 72/99 MP: 12/21
 15085 | D:10     | Reached skill level 5 in Dodging
 15169 | D:10     | Found a staircase to the Lair.
 15189 | D:10     | Noticed a two-headed ogre
 15196 | D:10     | Killed a two-headed ogre
 15658 | D:10     | Noticed a white ugly thing
 15673 | D:10     | Mangled by a white ugly thing

Levels and vault maps discovered:
D:1:      minmay_arrival_open_corners, layout_loops_ring
D:2:      layout_basic
D:3:      layout_rooms, marbit_many_paths, old_standard_altar,
          lemuel_doored_altar, uniq_jessica, uniq_natasha
D:4:      layout_loops_corners, old_standard_altar, minmay_temple_entry_arrows,
          serial_shops, shop, nicolae_shop_waterfront, nicolae_shop_statue_plus,
          nicolae_shop_statue_plus, nicolae_shop_stone, first_ration,
          minmay_shop_grid_forest, uniq_pikel, uniq_ijyb, uniq_grinder
D:5:      layout_gridville, minmay_fractal_squares_5, uniq_crazy_yiuf_cottage
D:6:      layout_cave_pools, serial_gnoll_camp, gnoll_camp_mini_house,
          gnoll_camp_medium_02, gnoll_camp_mini_loothouse, gnoll_camp_mini_shop,
          gnoll_camp_huts_basic, gnoll_camp_mini_house, minmay_misc_feat_square
D:7:      layout_basic, basic_altar, serial_curves, eino_curves_04,
          eino_curves_01, grunt_decor_mini_mirrors, kennysheep_generic_room_3
D:8:      layout_loops_corners, kennysheep_little_box,
          amethyst_overflow_temple_binary, blue_anna_alchemist
          [blue_anna_fruit_fields, blue_anna_fruit_fields]
D:9:      layout_irregular_city, old_standard_altar, overflow_temple_1_default,
          uniq_grum
D:10:     layout_layer_cave, due_lair_maze_entry_diamond
Temple:   nicolae_temple_figure_eight

Skill      XL: |  1  2  3  4  5  6  7  8  9 10 11 |
---------------+----------------------------------+-----
Fighting       | 1 5 9 10 | 10.0
Conjurations   | 2 3 4 5 |  5.1
Summonings     | 2 |  2.0
Air Magic      | 2 3 4 |  4.8
Spellcasting   | 5 6 7 |  7.8
Evocations     | 2 4 5 |  5.1
Shields        | 3 4 |  4.0
Translocations | 2 |  2.3
Necromancy     | 6 |  6.1
Dodging        | 4 5 |  5.7
Stealth        | |  1.7

Action                   |  1- 3 |  4- 6 |  7- 9 | 10-12 || total
-------------------------+-------+-------+-------+-------++-------
Melee: Short sword       |    15 |       |       |       ||    15
       Dagger            |    46 |    21 |       |       ||    67
       Tailslap          |     4 |     3 |       |       ||     7
 Fire: Hunting sling     |       |       |   318 |   394 ||   712
 Cast: Magic Dart        |    95 |   148 |    24 |    16 ||   283
       Call Imp          |    35 |     7 |       |       ||    42
       Mephitic Cloud    |       |     5 |     7 |     9 ||    21
 Abil: Evoke Invisibilit |       |       |       |     4 ||     4
       Breathe Lightning |       |       |       |     1 ||     1
  Use: Scroll            |     1 |       |     1 |    18 ||    20
       Potion            |       |       |       |     2 ||     2
 Stab: Distracted        |     1 |       |       |       ||     1
       Confused          |       |     4 |       |       ||     4
  Eat: Chunk             |     8 |     9 |    12 |    10 ||    39
       Ration            |     1 |       |       |     2 ||     3
Armor: Skin              |    19 |    31 |    29 |    79 ||   158
Dodge: Dodged            |    50 |    63 |    58 |   248 ||   419
Block: Buckler           |       |       |    18 |    73 ||    91

Table legend:
 A = Non-vault XP
 B = Vault XP
 C = Vault XP percentage of total XP
 D = Non-vault monster count
 E = Vault monster count
 F = Vault count percentage of total count
                 A         B        C        D         E       F
            +---------+---------+-------+---------+---------+-------
      Total |    9746 |    4418 |  31.2 |     251 |      68 |  21.3
            +---------+---------+-------+---------+---------+-------
        D:1 |      25 |       0 |   0.0 |      15 |       0 |   0.0
        D:2 |     337 |      37 |   9.9 |      29 |       1 |   3.3
        D:3 |     337 |      25 |   6.9 |      32 |       2 |   5.9
        D:4 |     492 |     904 |  64.8 |      28 |       3 |   9.7
        D:5 |     652 |     119 |  15.4 |      15 |       3 |  16.7
        D:6 |    1233 |    1198 |  49.3 |      23 |      42 |  64.6
        D:7 |     635 |      48 |   7.0 |      13 |       1 |   7.1
        D:8 |    1244 |     100 |   7.4 |      33 |       1 |   2.9
        D:9 |    2480 |     830 |  25.1 |      47 |       7 |  13.0
       D:10 |    2298 |    1157 |  33.5 |      15 |       8 |  34.8
     Temple |      13 |       0 |   0.0 |       1 |       0 |   0.0
            +---------+---------+-------+---------+---------+-------
